 Dungeon Crawl Stone Soup version 0.30-a0-637-gacddeb6d44 (webtiles) character file.

Game seed: 10087645460603206122

6 Leeroy the Slasher (level 1, -2/12 HPs)
             Began as a Tengu Warper on Jan 15, 2023.
             Slain by a jackal (3 damage)
             ... on level 1 of the Dungeon.
             The game lasted 00:00:22 (99 turns).

Leeroy the Slasher (Tengu Warper)                     Turns: 99, Time: 00:00:22

Health: -2/12      AC:  3    Str: 11    XL:     1   Next: 90%
Magic:  4/4        EV: 11    Int: 13    God:
Gold:   0          SH:  0    Dex: 13    Spells: 4/4 levels left

rFire   . . .      SeeInvis .    a - +0 falchion
rCold   . . .      Faith    .    (no shield)
rNeg    . . .      Spirit   .    b - +0 leather armour
rPois   .          Reflect  .    (helmet restricted)
rElec   .          Harm     .    (no cloak)
rCorr   .          Rampage  .    (no gloves)
Will    .....                    (boots unavailable)
Stlth   +                        (no amulet)
HPRegen 0.22/turn                (no ring)
MPRegen 0.09/turn                (no ring)

@: no status effects
A: beak, talons 3
a: no special abilities


You were on level 1 of the Dungeon.
You visited 1 branch of the dungeon, and saw 1 of its levels.

Inventory:

Hand Weapons
 a - a +0 falchion (weapon)
Missiles
 d - 7 boomerangs of dispersal (quivered)
Armour
 b - a +0 leather armour (worn)
Scrolls
 c - a scroll of blinking
 f - a scroll of identify {unknown}
Potions
 e - 2 potions of heal wounds {unknown}


   Skills:
 - Level 2.0 Fighting
 + Level 2.9 Long Blades
 - Level 1.0 Throwing
 - Level 1.1 Armour
 - Level 2.1 Dodging
 - Level 2.0 Spellcasting
 - Level 2.4 Translocations


You had 4 spell levels left.
You didn't know any spells.
Your spell library contained the following spells:

 Spells                   Type           Power      Damage    Failure   Level
 Blink                    Tloc           14%        N/A       19%         2
 Lesser Beckoning         Tloc           14%        N/A       36%         3
 Teleport Other           Tloc           7%         N/A       36%         3
 Vhi's Electric Charge    Tloc/Air       8%         N/A       52%         3
 Manifold Assault         Tloc           7%         N/A       77%         4


Dungeon Overview and Level Annotations

Branches:
Dungeon (1/15)

Altars:


Innate Abilities, Weirdness & Mutations

You have a beak for a mouth.
You have claws for feet.


Message History

You hit the rat but do no damage. You claw the rat.
You kill the rat!
The bat barely misses you.
Found a hand axe.
Found a stone staircase leading down.
The bat closely misses you.
You miss the bat. Your kick misses the bat. The bat barely misses you.
You closely miss the bat. Your kick misses the bat. The bat hits you.
The dart slug launches a dart at you. The slug dart hits you.
* * * LOW HITPOINT WARNING * * *
Found a spear.
The bat misses you.
A jackal comes into view.
The bat barely misses you. The dart slug launches a dart at you.
The slug dart hits you but does no damage.
You hit the dart slug. You claw the dart slug. You peck the dart slug.
The dart slug is almost dead.
The bat barely misses you. The dart slug closely misses you.
You slash the dart slug!
You kill the dart slug!
The bat hits you but does no damage.
You hit the bat.
You kill the bat!
You closely miss the jackal. You peck the jackal, but do no damage.
The jackal bites you but does no damage.
The jackal bites you.
* * * LOW HITPOINT WARNING * * *
You hit the jackal. Your kick misses the jackal.
The jackal is heavily wounded.
The jackal bites you but does no damage.
The jackal misses you.
You closely miss the jackal. You claw the jackal.
The jackal is severely wounded.
The jackal closely misses you.
You hit the jackal but do no damage.
The jackal is severely wounded.
The jackal bites you.
* * * LOW HITPOINT WARNING * * *
The jackal bites you.
You die...

..... ........##.# .....
........#..### .....
.)...........# ###.#
.............# #. .##..
......?......# ..>##..
)............# ...##.#
...$..†h.....####...##..
.......@................
.........#....#.........
.>..............######..
........†......###....†.
.........####......###.#
......#### #......# #..
###### #......####.
#...........
#.....######


You could see a jackal.

Vanquished Creatures
  A dart slug (D:1)
  A kobold (D:1)
  2 bats (D:1)
  A rat (D:1)
5 creatures vanquished.

Notes
Turn   | Place    | Note
-------+----------+-------------------------------------------
     0 | D:1      | Leeroy the Tengu Warper began the quest for the Orb.
     0 | D:1      | Reached XP level 1. HP: 12/12 MP: 4/4
    99 | D:1      | Slain by a jackal

Illustrated notes

Levels and vault maps discovered:
D:1:      grunt_arrival_lava_bath, layout_rooms

Action                   || total
-------------------------++-------
Melee: Falchion          ||    16
       Peck              ||     4
       Kick              ||     3
Armor: Leather armour    ||     7
Dodge: Dodged            ||    16

Table legend: (Time is in decaauts)
 A = Elapsed time spent in this place.
 B = Non-inter-level travel time spent in this place.
 C = Inter-level travel time spent in this place.
 D = Time resting spent in this place.
 E = Time spent auto-exploring this place.
 F = Levels seen in this place.
 G = Mean time per level.
                   A        B        C        D        E       F      G
               +--------+--------+--------+--------+--------+-----+--------+
         Total |    101 |    101 |      0 |      0 |     68 |   1 |  101.0 |
       Dungeon |    101 |    101 |      0 |      0 |     68 |   1 |  101.0 |
               +--------+--------+--------+--------+--------+-----+--------+

Top non-repeatable levels by time:
     D:1: 101 daAuts
